 Dungeon Crawl Stone Soup version 0.25.1-2-g60ff931df9 (webtiles) character file.

Game seed: 15893114209387384687

489 lepoulpe303 the Insei (level 7, -2/45 HPs)
             Began as an Octopode Transmuter on Aug 4, 2020.
             Slain by an adder (4 damage)
             ... on level 4 of the Dungeon.
             The game lasted 00:11:40 (3970 turns).

lepoulpe303 the Insei (Octopode Transmuter)         Turns: 3970, Time: 00:11:41

Health: -2/45      AC:  1    Str: 11    XL:     7   Next: 14%
Magic:  11/11      EV: 14    Int: 22    God:
Gold:   133        SH:  0    Dex: 12    Spells: 6/12 levels left

rFire    . . .     SeeInvis .     - Unarmed
rCold    . . .     Gourm    .   (no shield)
rNeg     . . .     Faith    .   (helmet restricted)
rPois    .         Spirit   .   (no amulet)
rElec    .         Reflect  .   b - +6 ring of intelligence
rCorr    .         Harm     .   j - ring of stealth (curse) {Stlth+}
MR       .....                  (no ring)
Stlth    ++++......             (no ring)
HPRegen  0.15/turn              (no ring)
MPRegen  0.12/turn              (no ring)
                                (no ring)
                                (no ring)

@: no status effects
A: almost no armour, stealthy swim, amphibious, 8 rings, constrict 8, camouflage
1, gelatinous body 1
a: no special abilities


You were on level 4 of the Dungeon.
You were not hungry.

You visited 1 branch of the dungeon, and saw 4 of its levels.

You collected 133 gold pieces.

Inventory:

Hand Weapons
 a - a +0 hunting sling of freezing
Missiles
 c - 12 poisoned darts (quivered)
 s - 3 boomerangs
 Q - 11 arrows
Jewellery
 b - a +6 ring of intelligence (left tentacle)
 h - a cursed amulet of inaccuracy {unknown}
 j - a cursed ring of stealth (right tentacle) {Stlth+}
Wands
 n - a wand of paralysis (5)
 p - a wand of iceblast (8)
Scrolls
 d - a scroll of fear {unknown}
 k - a scroll of identify {unknown}
 r - a scroll of enchant armour
 w - 3 scrolls of remove curse
Potions
 f - 2 potions of berserk rage {unknown}
 g - a potion of stabbing {unknown}
 i - a potion of flight {unknown}
 l - a potion of lignification {unknown}
 m - a potion of magic {unknown}
 q - a potion of curing
Comestibles
 e - 10 rations
 o - 5 chunks of flesh


   Skills:
 + Level 2.7 Fighting
 + Level 3.1 Dodging
 + Level 2.8 Stealth
 * Level 4.5 Unarmed Combat
 + Level 3.0 Spellcasting
 * Level 3.9 Transmutations
 + Level 1.5 Poison Magic


You had 6 spell levels left.
You knew the following spells:

 Your Spells              Type           Power        Failure   Level  Hunger
a - Beastly Appendage     Tmut           ###...       2%          1    None
c - Spider Form           Tmut/Pois      ###.......   12%         3    ###....
s - Sticks to Snakes      Tmut           ###.....     3%          2    ##.....

Your spell library contained the following spells:

 Spells                   Type           Power        Failure   Level  Hunger
 Ice Form                 Ice/Tmut       ##......     50%         4    ####...
 Blade Hands              Tmut           ###.......   56%         5    ######.


Dungeon Overview and Level Annotations

Branches:
Dungeon (4/15)
 Temple: D:4-7

Altars:

Annotations:
D:4 Eustachio


Innate Abilities, Weirdness & Mutations

You cannot wear most types of armour.
You are very stealthy in the water. (Stealth+)
You are amphibious.
You can wear up to eight rings at the same time.
You can use your tentacles to constrict eight enemies at once.
Your skin changes colour to match your surroundings (Stealth+).
Your rubbery body absorbs attacks. (AC +1, EV +1)


Message History

The orc priest mumbles some strange prayers to Beogh against you.
Beogh smites you!
* * * LOW HITPOINT WARNING * * *
The crimson imp closely misses you.
You take 12 damage, and have 11/45 hp.
MASSIVE DAMAGE!!
The crimson imp hits you.
* * * LOW HITPOINT WARNING * * *
Items here: ) [ ÷÷ a +0 whip; a +0 leather armour; an orc skeleton x2
You take 1 damage, and have 10/45 hp.
The crimson imp blinks!
The orc priest invokes the aid of Beogh against you.
Beogh smites you!
* * * LOW HITPOINT WARNING * * *
You take 9 damage, and have 1/45 hp.
The crimson imp grinds its teeth.
There is a stone staircase leading up here.
The adder closely misses you. The adder bites you.
You die...

#...#..# .#.#..#### #
.>...... .....#
..#.#.#†#..# .......#
#....<)....# .......#
......#....#####......
#.... #..............
#... #..#.######.#%# #..
.#.##.@S..5..#.# #.
..............)#.# #
.....##...####o..######.
................)........
.....####..#####..######
.... #..# #..# . #...
#..# #.... ##o# #... #.#


You could see an orc priest, a crimson imp and an adder.

Levels and vault maps discovered:
D:1:      eino_arrival_water_cross, layout_rooms
D:2:      layout_loops_ring, st_stairs_6
D:3:      layout_loops_cross, gammafunk_ghost_necromancy,
          chequers_serial_rivers_room_b
D:4:      layout_basic, minmay_temple_entry_enclosed_plants, first_ration,
          gup_sewer_entry_spiral, nicolae_dithmenos_the_darkroom,
          uniq_eustachio, uniq_grinder, uniq_natasha, uniq_sigmund

Notes
Turn   | Place    | Note
-------+----------+-------------------------------------------
     0 | D:1      | lepoulpe303 the Octopode Transmuter began the quest for the
                  | Orb.
     0 | D:1      | Reached XP level 1. HP: 13/13 MP: 3/3
    97 | D:1      | Identified a +0 club
    98 | D:1      | Identified a cursed -3 short sword
   291 | D:1      | HP: 3/13 [ooze (4)]
   298 | D:1      | Identified a potion of curing
   305 | D:1      | Reached XP level 2. HP: 12/18 MP: 3/5
   315 | D:1      | Learned a level 2 spell: Sticks to Snakes
   348 | D:1      | Identified a +0 whip
   423 | D:1      | Identified a +0 whip
   570 | D:2      | Identified a +0 club
   589 | D:2      | Reached XP level 3. HP: 18/23 MP: 6/6
   958 | D:2      | HP: 2/23 [centaur skeleton (5)]
   960 | D:2      | Reached skill level 1 in Stealth
   960 | D:2      | Reached XP level 4. HP: 3/29 MP: 5/7
   974 | D:2      | Learned a level 3 spell: Spider Form
  1293 | D:2      | Identified a +0 short sword
  1308 | D:2      | Identified a +0 scale mail
  1321 | D:2      | Identified a +0 whip
  1321 | D:2      | Identified a +0 leather armour
  1382 | D:2      | Identified a +0 club
  1409 | D:2      | Identified a +0 short sword
  1482 | D:2      | Identified a +0 dagger
  1524 | D:2      | Identified a +0 club
  1624 | D:2      | Identified a +0 club
  1704 | D:2      | Reached skill level 3 in Transmutations
  1704 | D:2      | Reached XP level 5. HP: 32/34 MP: 6/8
  1818 | D:3      | Identified 3 scrolls of remove curse
  1819 | D:3      | Identified a ring of intelligence (You found it on level 1
                  | of the Dungeon)
  1820 | D:3      | Identified a ring of stealth (You found it on level 2 of
                  | the Dungeon)
  1847 | D:3      | Identified a +0 whip
  1857 | D:3      | Reached skill level 2 in Fighting
  1872 | D:3      | Identified a +0 club
  1872 | D:3      | Identified a +0 spear
  1874 | D:3      | Identified a +0 halberd
  1875 | D:3      | Identified a +0 spear
  1890 | D:3      | HP: 3/34 [gnoll/+0 halberd (14)]
  2215 | D:3      | Reached skill level 4 in Unarmed Combat
  2351 | D:3      | Identified a +0 short sword
  2355 | D:3      | Identified a +0 leather armour
  2356 | D:3      | Identified a +0 whip
  2356 | D:3      | Identified a cursed -3 short sword
  2357 | D:3      | Identified a +0 leather armour
  2509 | D:3      | Identified a +0 dagger
  2553 | D:3      | Identified a +0 ring mail
  2568 | D:3      | Reached skill level 2 in Stealth
  2830 | D:3      | Reached XP level 6. HP: 20/39 MP: 10/10
  2933 | D:3      | Paralysed by a gnoll for 2 turns
  2937 | D:3      | Paralysed by a gnoll for 3 turns
  2954 | D:3      | Identified a +0 club
  3229 | D:3      | Identified a +0 club
  3236 | D:3      | lepoulpe303: !whichgod optm
  3236 | D:3      | meem: 44 recent wins for optm: 9x Cheibriados, 6x Wu Jian,
                  | 5x Gozag, 4x Okawaru, 4x Ashenzari, 3x Jiyva, 2x Nemelex
                  | Xobeh, 2x Makhleb, 2x Ru, 2x The Shining One, 2x Uskayaw,
                  | Hepliaklqana, Yredelemnul, Kikubaaqudgha
  3286 | D:3      | Identified a +0 short sword
  3373 | D:3      | Identified a +0 club
  3394 | D:3      | Found a runed translucent gate.
  3394 | D:3      | Found a runed translucent gate.
  3394 | D:3      | Found a runed translucent gate.
  3398 | D:3      | Noticed IHuginn's ghost (amateur HOAK)
  3424 | D:3      | Reached skill level 1 in Poison Magic
  3444 | D:3      | Killed IHuginn's ghost
  3444 | D:3      | Reached skill level 3 in Dodging
  3453 | D:3      | Identified 2 scrolls of enchant armour
  3533 | D:4      | Identified a +0 falchion
  3533 | D:4      | Identified a +0 leather armour
  3533 | D:4      | Noticed Eustachio
  3549 | D:4      | HP: 10/41 [bat[Eustachio] (1)]
  3855 | D:4      | Identified a +0 mace
  3871 | D:4      | Reached skill level 3 in Spellcasting
  3872 | D:4      | Reached XP level 7. HP: 45/45 MP: 11/11
  3920 | D:4      | Identified a +0 whip
  3920 | D:4      | Identified a +0 leather armour
  3952 | D:4      | Identified a +0 mace
  3952 | D:4      | Identified a +0 leather armour
  3961 | D:4      | HP: 11/45 [orc priest/divine providence (13)]
  3964 | D:4      | HP: 1/45 [orc priest/divine providence (9)]
  3970 | D:4      | Slain by an adder

Table legend:
 A = Turns spent in this place as a percentage of turns spent in the entire game.
 B = Non-inter-level travel turns spent in this place as a percentage of non-inter-level travel turns spent in the entire game.
 C = Inter-level travel turns spent in this place as a percentage of turns spent in this place.
 D = Turns resting spent in this place as a percentage of non-inter-level travel turns spent in this place.
 E = Turns spent auto-exploring this place as a percentage of non-inter-level travel turns spent in this place.
 F = Non-inter-level travel turns spent in this place divided by the number of levels of this place that you've seen.
                   A       B       C       D       E      F
               +-------+-------+-------+-------+-------+----------------------
         Total | 100.0 | 100.0 |   4.4 |  44.9 |  34.6 | 948.8
       Dungeon | 100.0 | 100.0 |   4.4 |  44.9 |  34.6 | 948.8
               +-------+-------+-------+-------+-------+----------------------

Table legend:
 A = Kills in this place as a percentage of kills in entire the game.
 B = Kills by you in this place as a percentage of kills by you in the entire game.
 C = Kills by friends in this place as a percentage of kills by friends in the entire game.
 D = Other kills in this place as a percentage of other kills in the entire game.
 E = Experience gained in this place as a percentage of experience gained in the entire game.
 F = Experience gained in this place divided by the number of levels of this place that you have seen.
                   A       B       C       D       E      F
               +-------+-------+-------+-------+-------+----------------------
         Total | 100.0 | 100.0 |   N/A |   N/A | 100.0 | 174.8
       Dungeon | 100.0 | 100.0 |   N/A |   N/A | 100.0 | 174.8
               +-------+-------+-------+-------+-------+----------------------

Skill      XL: |  1  2  3  4  5  6 |
---------------+-------------------+-----
Stealth        | 1 2 |  2.8
Transmutations | 3 |  3.9
Fighting       | 2 |  2.7
Unarmed Combat | 4 |  4.5
Poison Magic   | 1 |  1.5
Dodging        | 3 |  3.1
Spellcasting   | 3 |  3.0

Action                   |  1- 3 |  4- 6 |  7- 9 || total
-------------------------+-------+-------+-------++-------
Melee: Unarmed           |    69 |   155 |    13 ||   237
       Kick              |     7 |    33 |     7 ||    47
       Constrict         |    15 |    49 |     6 ||    70
       Tentacles         |    12 |    25 |     4 ||    41
       Punch             |     1 |     4 |       ||     5
Throw: Dart              |       |     3 |     2 ||     5
 Cast: Beastly Appendage |     6 |    15 |     1 ||    22
       Sticks to Snakes  |       |     1 |       ||     1
Evoke: Wand              |       |     4 |       ||     4
  Use: Potion            |     1 |       |       ||     1
       Scroll            |       |     2 |       ||     2
 Stab: Sleeping          |     9 |    13 |       ||    22
  Eat: Chunk             |       |     9 |     1 ||    10
Armor: Skin              |     8 |    17 |       ||    25
Dodge: Dodged            |    62 |   118 |     8 ||   188

Vanquished Creatures
  The ghost of IHuginn the Skirmisher, an amateur HOAK of Lugonu (D:3)
  A bullfrog zombie (D:3)
  2 orc priests
  A centaur skeleton (D:2)
  3 worker ants (D:4)
  A hound skeleton (D:3)
  A worker ant zombie (D:3)
  5 adders
  4 gnolls (D:3)
  An ooze (D:1)
  A worm (D:3)
  3 leopard geckos
  13 orcs
  A ball python (D:3)
  3 giant cockroaches
  9 hobgoblins
  10 kobolds
  2 quokkas (D:2)
  17 bats
  3 frilled lizards
  4 goblins
  11 rats
97 creatures vanquished.
